AoeStats
← b1gFooot

Arabia

510012524Analyzed
1v1 RM · 2d ago on Sep 29, 2026· 52m 2s· 2 players
Game mode
Random Map
Map size
Tiny (2 player)
Population
200
Speed
Normal
Resources
Standard
Victory
Conquest
Starting age
Dark Age
Ending age
Imperial Age
RankedLock teamsTeams togetherTeam positionsShared explorationLock speedFull tech treeHidden civsTurbo modeCheats
Victory
Defeat
🇲🇽 Saracens · Mexico
1114
+15
🇺🇸 Vikings · United States
1086
-15
Eric the 大鸡巴英雄
7:10 Loom
11:54 Feudal Age
13:08 Double-Bit Axe
20:16 Castle Age
18:57 Fletching
20:38 Padded Archer Armor
20:32 Crossbowman
21:38 Bow Saw
29:49 Bodkin Arrow
30:10 Leather Archer Armor
30:38 Light Cavalry
32:29 Gold Mining
32:37 Elite Skirmisher
33:41 Scale Barding Armor
35:50 Forging
37:15 Chain Barding Armor
41:27 Imperial Age
41:20 Ballistics
42:21 Bracer
41:56 Elite Berserk
43:28 Conscription
42:48 Cavalier
44:52 Scale Mail Armor
46:48 Chain Mail Armor
b1gFooot
5:15 Loom
15:10 Feudal Age
16:32 Wheelbarrow
16:36 Double-Bit Axe
16:53 Town Watch
19:24 Horse Collar
21:43 Gold Mining
23:08 Fletching
27:54 Castle Age
26:48 Padded Archer Armor
27:10 Stone Mining
30:18 Crossbowman
35:08 Bodkin Arrow
36:12 Hand Cart
37:47 Bow Saw
41:40 Imperial Age
42:00 Redemption
42:54 Gold Shaft Mining
42:03 Onager
43:02 Bracer
43:35 Block Printing
44:17 Ballistics
44:59 Theocracy
46:05 Conscription
46:43 Fervor
46:58 Illumination
45:56 Elite Mameluke
52:27 Forging
52:23 Scale Barding Armor
52:36 Leather Archer Armor
52:23 Scale Mail Armor
53:33 Two-Man Saw
Connection lost

Rejoining the realm…

Still unreachable

The connection could not be restored.

Session expired

The server has moved on; the page needs a fresh start.